 Dungeon Crawl Stone Soup version 0.29-a0-330-g52719c12eb (webtiles) character file.

Game seed: 14001823048345592074

48296 kae the Gelid (level 14, -2/121 HPs)
             Began as a Merfolk Ice Elementalist on Apr 15, 2022.
             Was a High Priest of Ashenzari.
             Slain by Rupert
             ... wielding a +2 vorpal great sword
              (8 damage)
             ... on level 5 of the Lair of Beasts.
             The game lasted 00:31:46 (25682 turns).

kae the Gelid (Merfolk Ice Elementalist)           Turns: 25682, Time: 00:31:47

Health: -2/121     AC: 25    Str:  8    XL:     14   Next: 45%
Magic:  0/31       EV: 22    Int: 22    God:    Ashenzari [*****.]
Gold:   2263       SH:  7    Dex: 16    Spells: 20/39 levels left

rFire   . . .      SeeInvis +   J - +3 spear "Secrets of the Sky" {flame, Elem, Alch} (curse)
rCold   . . .      Faith    .   B - +0 buckler of the Lashed Sun {Elem, Range} (curse)
rNeg    . . .      Spirit   +   D - +3 leather armour "Visionary of Ashenzari" {Will+ Int+4, Bglg, Self} (curse)
rPois   +          Reflect  .   (no helmet)
rElec   .          Harm     .   y - +2 cloak "Gnostic Water Diviner" {Range, Elem} (curse)
rCorr   .          Rampage  .   i - +1 pair of gloves "Ensconced With Me" {Self, Fort} (curse)
Will    ++...      Clarity  +   (no boots)
Stlth   ++........              x - amulet of the Elysian Seer {Spirit, Self, Bglg} (curse)
HPRegen 0.30/turn               g - ring of the Fated Doubts {rPois, Elem, Melee} (curse)
MPRegen 0.22/turn               M - ring "Affliction of Ashenzari" {EV+4, Elem, Fort} (curse)

@: ice-armoured
A: (nimble swimmer 2), mertail, iridescent scales 1, shaggy fur 1
a: Renounce Religion, Shatter the Chains


You were on level 5 of the Lair of Beasts.
You worshipped Ashenzari.
Ashenzari was extremely pleased with you.
You visited 3 branches of the dungeon, and saw 18 of its levels.

You collected 2431 gold pieces.
You spent 168 gold pieces at shops.

Inventory:

Hand Weapons
 c - a +1 dagger
 j - a +2 whip of electrocution
 J - the cursed +3 spear "Secrets of the Sky" (weapon) {flame, Elem, Alch}
   (You took it off a gnoll on level 6 of the Dungeon)

   It burns those it strikes, dealing additional fire damage.
   It has a curse which improves the following skills: Elements: Fire Magic, Ice
   Magic, Air Magic and Earth Magic.
   Alchemy:   Poison Magic and Transmutations.
Missiles
 w - 3 throwing nets
Armour
 i - the cursed +1 pair of gloves "Ensconced With Me" (worn) {Self, Fort}
   (You found it on level 2 of the Dungeon)

   It has a curse which improves the following skills: Introspection: Fighting
   and Spellcasting.
   Fortitude: Armour and Shields.
 y - the cursed +2 cloak "Gnostic Water Diviner" (worn) {Range, Elem}
   (You found it on level 7 of the Dungeon)

   It has a curse which improves the following skills: Ranged Combat: Slings,
   Bows, Crossbows and Throwing.
   Elements:  Fire Magic, Ice Magic, Air Magic and Earth Magic.
 B - the cursed +0 buckler of the Lashed Sun (worn) {Elem, Range}
   (You found it on level 7 of the Dungeon)

   It has a curse which improves the following skills: Elements: Fire Magic, Ice
   Magic, Air Magic and Earth Magic.
   Ranged Combat: Slings, Bows, Crossbows and Throwing.
 D - the cursed +3 leather armour "Visionary of Ashenzari" (worn) {Will+ Int+4, Bglg, Self}
   (You bought it in a shop on level 7 of the Dungeon)

   Int:       It affects your intelligence (+4).
   Will:      It increases your willpower.
   It has a curse which improves the following skills: Beguiling: Conjurations,
   Hexes and Translocations.
   Introspection: Fighting and Spellcasting.
Jewellery
 f - a +6 ring of dexterity
 g - the cursed ring of the Fated Doubts (left hand) {rPois, Elem, Melee}
   (You found it on level 3 of the Dungeon)

   [ring of poison resistance]

   rPois:     It protects you from poison.
   It has a curse which improves the following skills: Elements: Fire Magic, Ice
   Magic, Air Magic and Earth Magic.
   Melee Combat: Short Blades, Long Blades, Axes, Maces & Flails, Polearms,
   Staves and Unarmed Combat.
 l - a ring of resist corrosion
 x - the cursed amulet of the Elysian Seer (around neck) {Spirit, Self, Bglg}
   (You found it on level 6 of the Dungeon)

   [amulet of guardian spirit]

   It causes incoming damage to be divided between your reserves of health and
   magic.
   It has a curse which improves the following skills: Introspection: Fighting
   and Spellcasting.
   Beguiling: Conjurations, Hexes and Translocations.
 C - a +6 ring of dexterity
 G - a ring of magical power
 M - the cursed ring "Affliction of Ashenzari" (right hand) {EV+4, Elem, Fort}
   (You found it on level 2 of the Lair of Beasts)

   [ring of evasion]

   EV:        It affects your evasion (+4).
   It has a curse which improves the following skills: Elements: Fire Magic, Ice
   Magic, Air Magic and Earth Magic.
   Fortitude: Armour and Shields.
 O - a ring of wizardry
Wands
 o - a wand of flame (8)
 s - a wand of iceblast (14)
 v - a wand of paralysis (11)
 A - a wand of charming (12)
 L - a wand of polymorph (5)
Scrolls
 a - 15 scrolls of identify
 d - 4 scrolls of noise
 n - 4 scrolls of holy word
 p - 2 scrolls of summoning
 r - 2 scrolls of teleportation
 t - 3 scrolls of enchant weapon
 E - 2 scrolls of amnesia
 H - 2 scrolls of fear
 P - a scroll of fog
Potions
 b - 8 potions of magic
 e - 4 potions of degeneration
 h - 3 potions of heal wounds
 k - 3 potions of cancellation
 m - 10 potions of curing
 q - a potion of lignification
 u - 2 potions of flight
 z - a potion of resistance
 F - 3 potions of might
 I - 2 potions of haste
 K - a potion of brilliance
 N - 2 potions of invisibility
 Q - 2 potions of mutation


   Skills:
 + Level 10.3(14.8) Fighting
 * Level 9.9(12.2) Polearms
 + Level 5.8(9.2) Armour
 + Level 12.5 Dodging
 - Level 2.1 Stealth
 + Level 7.8(11.3) Shields
 + Level 8.9(13.4) Spellcasting
 + Level 2.9(5.8) Conjurations
 * Level 15.0(21.3) Ice Magic


You had 20 spell levels left.
You knew the following spells:

 Your Spells              Type           Power      Damage    Failure   Level
a - Freeze                Ice            100%       1d11      0%          1
b - Frozen Ramparts       Ice            100%       1d12      0%          3
c - Ozocubu's Armour      Ice            83%        N/A       0%          3
d - Hailstorm             Conj/Ice       65%        3d14      1%          4
e - Ice Form              Ice/Tmut       58%        N/A       1%          4
f - Summon Ice Beast      Ice/Summ       58%        N/A       1%          4

Your spell library contained the following spells:

 Spells                   Type           Power      Damage    Failure   Level
 Static Discharge         Conj/Air       29%        N/A       2%          2
 Dazzling Flash           Conj/Hex       56%        N/A       5%          3
 Sting                    Tmut/Pois      64%        1d6       6%          1
 Animate Skeleton         Necr           28%        N/A       7%          1
 Scorch                   Fire           38%        2d7       7%          2
 Poisonous Vapours        Pois/Air       34%        N/A       8%          2
 Corpse Rot               Necr/Air       34%        N/A       9%          2
 Wereblood                Tmut           15%        N/A       10%         2
 Sublimation of Blood     Necr           14%        N/A       11%         2
 Gell's Gravitas          Tloc           16%        N/A       17%         3
 Teleport Other           Tloc           16%        N/A       17%         3
 Flame Wave               Conj/Fire      29%        2d8       17%         4
 Sticky Flame             Conj/Fire      29%        2d5       17%         4
 Iskenderun's Mystic Bla  Conj/Tloc      28%        2d7       19%         4
 Iskenderun's Battlesphe  Conj           40%        2d9       19%         5
 Fireball                 Conj/Fire      14%        3d8       43%         5
 Olgreb's Toxic Radiance  Pois           16%        N/A       52%         4
 Animate Dead             Necr           7%         N/A       56%         4
 Dispel Undead            Necr           14%        3d10      56%         4
 Conjure Ball Lightning   Conj/Air       14%        3x3d6     95%         6
 Starburst                Conj/Fire      14%        6d6       95%         6
 Orb of Destruction       Conj           20%        9d8       99%         7
 Dispersal                Tloc           8%         N/A       100%        6
 Summon Cactus Giant      Summ           7%         N/A       100%        6
 Haunt                    Necr/Summ      7%         N/A       100%        7
 Summon Hydra             Summ           7%         N/A       100%        7
 Infestation              Necr           7%         N/A       100%        8


Dungeon Overview and Level Annotations

Branches:
Dungeon (11/15)            Temple (1/1) D:5            Lair (6/6) D:9
 Shoals (0/4) Lair:2        Snake (0/4) Lair:2        Slime (0/5) Lair:5
    Orc (0/2) D:10

Altars:
Ashenzari
Cheibriados
Dithmenos
Elyvilon
Fedhas
Gozag
Hepliaklqana
Kikubaaqudgha
Makhleb
Nemelex Xobeh
Okawaru
Qazlal
Ru
Sif Muna
Trog
Uskayaw
Vehumet
Wu Jian
Xom
Yredelemnul
Zin
The Shining One
Jiyva

Shops:
D:7 [*?(

Annotations:
Lair:3 exclusion: ice statue
Lair:5 Rupert
Lair:6 Snorg


Innate Abilities, Weirdness & Mutations

((You are very nimble when in or above water. (Stealth+, EV+, Speed+++)))
Your lower body shifts to a powerful aquatic tail in water.
You are partially covered in iridescent scales. (AC +2)
You are covered in fur. (AC +1)


Message History

Rupert is severely wounded.
The wall freezes Rupert.
Rupert completely misses you.
The wall freezes Rupert.
Rupert closely misses you.
Casting: Freeze (safe; 0% risk of failure)
Confirm with . or Enter, or press ? or * to list all spells.
Aiming: Freeze (safe; 0% risk of failure)
Press: ? - help, Shift-Dir - straight line, f/p - Rupert
Aim: Rupert, wielding a +2 vorpal great sword and wearing a +1 ring mail of positive energy (severely wounded, berserk)
You freeze Rupert.
Rupert is severely wounded.
The wall freezes Rupert.
You block Rupert's attack.
Casting: Freeze (safe; 0% risk of failure)
Confirm with . or Enter, or press ? or * to list all spells.
Aiming: Freeze (safe; 0% risk of failure)
Press: ? - help, Shift-Dir - straight line, f/p - Rupert
Aim: Rupert, wielding a +2 vorpal great sword and wearing a +1 ring mail of positive energy (severely wounded, berserk)
You freeze Rupert.
Rupert is severely wounded.
The wall freezes Rupert.
Rupert hits you but does no damage.
The wall freezes Rupert!
Rupert hits you with a +2 vorpal great sword!!
* * * LOW HITPOINT WARNING * * *
Casting: Freeze (safe; 0% risk of failure)
Confirm with . or Enter, or press ? or * to list all spells.
Aiming: Freeze (safe; 0% risk of failure)
Press: ? - help, Shift-Dir - straight line, f/p - Rupert
Aim: Rupert, wielding a +2 vorpal great sword and wearing a +1 ring mail of positive energy (almost dead, berserk)
You freeze Rupert.
Rupert is almost dead.
The frozen ramparts melt away.
Rupert completely misses you.
Casting: Freeze (safe; 0% risk of failure)
Confirm with . or Enter, or press ? or * to list all spells.
Aiming: Freeze (safe; 0% risk of failure)
Press: ? - help, Shift-Dir - straight line, f/p - Rupert
Aim: Rupert, wielding a +2 vorpal great sword and wearing a +1 ring mail of positive energy (almost dead, berserk)
You freeze Rupert.
Rupert is almost dead.
Rupert hits you with a +2 vorpal great sword!!
* * * LOW HITPOINT WARNING * * *
You die...

♣≈≈≈≈≈......## #.....
♣≈P≈PP......## #.....
♣♣≈≈≈PP...≈..P# ##.....
#♣≈P≈≈P...≈≈♣..# ##.....
#≈≈≈≈≈≈≈..P≈≈♣♣# ### ##..P.#
♣P≈≈≈≈P....≈≈♣♣♣♣### #.####..###
♣PP≈≈≈≈≈..≈≈≈♣♣..######...PP..###
♣≈P≈≈≈♣≈..≈≈♣♣♣.#####........####
♣P≈≈≈PP..≈≈P≈♣♣.@###..........###
≈P≈≈≈P....≈≈≈♣♣@#####.P..##...###
♣≈≈≈≈≈≈...≈≈P♣♣÷.####..####)...P#
≈≈≈♣≈P≈≈.≈P≈P♣>..##.....###....##
####♣≈...P≈♣≈..÷..#...##...#....#
#####♣♣..≈♣♣....................#
###....≈≈......................
#......≈♣....................#.
#...................######.....


You could see Rupert (berserk).

Vanquished Creatures
  Erolcha (D:9)
  A hydra (Lair:2)
  A catoblepas (Lair:4)
  4 two-headed ogres
  6 death yaks
  Nergalle (D:10)
  Amaemon (D:9)
  Pikel (D:4)
  3 lindwurms (Lair:4)
  A cyclops (D:11)
  Joseph (D:9)
  6 elephants (Lair:6)
  An orange demon (D:9)
  4 black mambas
  9 cane toads
  Maggie (D:9)
  A torpor snail (Lair:6)
  3 rime drakes (Lair:5)
  An unseen horror (D:10)
  9 komodo dragons
  11 polar bears
  2 trolls
  3 hornets
  7 dream sheep (Lair:5)
  13 blink frogs
  6 spriggans (Lair:6)
  4 wyverns
  4 basilisks
  A wraith (D:11)
  Grum (D:11)
  36 yaks
  4 vampire mosquitoes (D:10)
  A steam dragon (D:8)
  A naga (Lair:2)
  An acid dragon (D:9)
  11 water moccasins
  Duvessa (D:7)
  6 ice beasts (Lair:3)
  5 orc warriors
  A sky beast (D:6)
  A black bear (Lair:1)
  An ogre (D:7)
  35 wolves
  3 boggarts (Lair:6)
  6 centaurs
  3 kobold brigands
  16 bullfrogs
  3 necrophages
  A scorpion (D:6)
  4 wights (D:10)
  Dowan (D:7)
  32 killer bees (Lair:1)
  5 howler monkeys
  4 electric eels
  6 hounds
  Crazy Yiuf (D:7)
  3 orc priests
  2 gnoll shamans
  3 jellies
  9 orc wizards
  3 iguanas
  Natasha (thrice) (D:2)
  25 gnolls
  14 adders
  A shadow imp (D:8)
  2 white imps (Lair:3)
  An ufetubus (D:3)
  A worm (D:4)
  4 dart slugs
  31 orcs
  6 ball pythons
  10 bats
  9 endoplasms
  7 giant cockroaches
  13 goblins
  7 hobgoblins
  2 jackals (D:1)
  25 kobolds
  4 quokkas
  5 frilled lizards
  8 rats
495 creatures vanquished.

Vanquished Creatures (collateral kills)
  A hydra (Lair:2)
  A bullfrog (Lair:2)
2 creatures vanquished.

Vanquished Creatures (others)
  36 fungi
  100 plants
136 creatures vanquished.

Grand Total: 633 creatures vanquished

Notes
Turn   | Place    | Note
-------+----------+-------------------------------------------
     0 | D:1      | kae the Merfolk Ice Elementalist began the quest for the
                  | Orb.
     0 | D:1      | Reached XP level 1. HP: 13/13 MP: 3/3
     2 | D:1      | Noticed a naga
     2 | D:1      | Noticed a spriggan
     4 | D:1      | Noticed a vine stalker
     6 | D:1      | Noticed a ghoul
     8 | D:1      | Noticed a troll
    10 | D:1      | Noticed an ogre
    12 | D:1      | Noticed a dwarf
    12 | D:1      | Noticed a minotaur
    14 | D:1      | Noticed a tengu
    14 | D:1      | Noticed a demonspawn
    16 | D:1      | Noticed a formicid
    16 | D:1      | Noticed an octopode
    18 | D:1      | Noticed a draconian
    18 | D:1      | Noticed a human
    20 | D:1      | Noticed a gargoyle
    22 | D:1      | Noticed a felid
    22 | D:1      | Noticed a merfolk
    24 | D:1      | Noticed a vampire
    24 | D:1      | Noticed an elf
    26 | D:1      | Noticed a demigod
   166 | D:1      | Reached XP level 2. HP: 18/20 MP: 1/5
   492 | D:1      | Reached skill level 1 in Fighting
   492 | D:1      | Reached XP level 3. HP: 18/26 MP: 2/6
   887 | D:1      | Learned a level 3 spell: Frozen Ramparts
  1033 | D:1      | Reached skill level 5 in Ice Magic
  1244 | D:2      | Reached XP level 4. HP: 32/32 MP: 0/7
  1380 | D:2      | Identified a scroll of acquirement
  1380 | D:2      | Acquired 1308 gold pieces
  1495 | D:2      | Noticed Natasha
  1502 | D:2      | Killed Natasha
  1617 | D:2      | Found a stormy altar of Qazlal.
  1951 | D:2      | Reached XP level 5. HP: 31/38 MP: 4/8
  2014 | D:2      | Noticed Natasha
  2019 | D:2      | Killed Natasha
  2140 | D:2      | Noticed Natasha
  2145 | D:2      | Killed Natasha
  2576 | D:3      | Gained mutation: You are covered in fur. (AC +1) [potion of
                  | mutation]
  2576 | D:3      | Gained mutation: You are partially covered in iridescent
                  | scales. (AC +2) [potion of mutation]
  2580 | D:3      | Reached XP level 6. HP: 39/46 MP: 4/10
  2743 | D:3      | Reached skill level 6 in Ice Magic
  3017 | D:3      | Found a radiant altar of Vehumet.
  3021 | D:3      | Found an ancient bone altar of Kikubaaqudgha.
  3022 | D:3      | Found a shimmering blue altar of Sif Muna.
  3027 | D:3      | Learned a level 3 spell: Ozocubu's Armour
  3042 | D:3      | Found a faded altar of an unknown god.
  3096 | D:3      | Got Kikubaaqudgha's Volume of Black Arts
  3612 | D:4      | Reached XP level 7. HP: 43/52 MP: 8/12
  3776 | D:4      | Noticed Pikel
  3789 | D:4      | Killed Pikel
  3790 | D:4      | Reached skill level 5 in Dodging
  3790 | D:4      | Reached skill level 7 in Ice Magic
  3790 | D:4      | Reached XP level 8. HP: 31/60 MP: 3/14
  4425 | D:5      | Entered Level 5 of the Dungeon
  4647 | D:5      | Reached skill level 8 in Ice Magic
  4704 | D:5      | Found a staircase to the Ecumenical Temple.
  4721 | Temple   | Entered the Ecumenical Temple
  5247 | Temple   | Became a worshipper of Ashenzari the Shackled
  5730 | D:6      | Found a snail-covered altar of Cheibriados.
  5874 | D:6      | Found a basalt altar of Yredelemnul.
  5890 | D:6      | Reached skill level 5 in Fighting
  6003 | D:6      | Reached skill level 9 in Ice Magic
  6003 | D:6      | Reached XP level 9. HP: 61/68 MP: 11/16
  6283 | D:6      | Reached skill level 5 in Spellcasting
  6481 | D:7      | Noticed Joseph
  6481 | D:7      | Found Sarghi's Antique Armour Shop.
  6553 | D:7      | Found Uwnacw's Weapon Emporium.
  6555 | D:7      | Noticed Dowan
  6559 | D:7      | Found Qeogh's Magic Scroll Boutique.
  6584 | D:7      | Found a runed translucent door.
  6585 | D:7      | Noticed Crazy Yiuf
  6609 | D:7      | Noticed Duvessa
  6617 | D:7      | Killed Duvessa
  6617 | D:7      | Killed Dowan
  6790 | D:7      | Found a white marble altar of Elyvilon.
  7067 | D:7      | Found an iron altar of Okawaru.
  7067 | D:7      | Found a sparkling altar of Nemelex Xobeh.
  7074 | D:7      | Found a hazy altar of Hepliaklqana.
  7076 | D:7      | Found a burning altar of Makhleb.
  7098 | D:7      | Found a shimmering altar of Xom.
  7321 | D:7      | Found Vaqoavy's General Store.
  7331 | D:7      | Bought a steaming leather armour for 168 gold pieces
  7331 | D:7      | Identified the +3 leather armour of Komecoxt {Will+ Int+4}
                  | (You bought it in a shop on level 7 of the Dungeon)
  7736 | D:8      | Reached skill level 1 in Shields
  7738 | D:8      | Reached * piety under Ashenzari
  7812 | D:8      | Noticed a hornet
  7823 | D:8      | Killed a hornet
  7824 | D:8      | Reached skill level 1 in Armour
  7897 | D:8      | Reached skill level 10 in Ice Magic
  7956 | D:8      | Learned a level 4 spell: Hailstorm
  8656 | D:8      | Reached ** piety under Ashenzari
  8706 | D:9      | Noticed a troll
  8716 | D:9      | Killed a troll
  8717 | D:9      | Reached XP level 10. HP: 79/79 MP: 12/20
  8764 | D:9      | Noticed a two-headed ogre
  8765 | D:9      | Noticed Erolcha
  8769 | D:9      | Noticed a two-headed ogre
  8885 | D:9      | Noticed an orange demon
  8887 | D:9      | Noticed Amaemon
  8904 | D:9      | Killed Amaemon
  9100 | D:9      | Killed an orange demon
  9138 | D:9      | Killed a two-headed ogre
  9403 | D:9      | Killed a two-headed ogre
  9404 | D:9      | Reached skill level 11 in Ice Magic
  9711 | D:9      | Found a blossoming altar of Fedhas.
  9759 | D:9      | Killed Joseph
 10298 | D:9      | Found a staircase to the Lair.
 10371 | D:9      | Killed Erolcha
 10372 | D:9      | Reached XP level 11. HP: 63/87 MP: 12/22
 10736 | D:9      | Noticed Maggie
 10752 | D:9      | Killed Maggie
 10916 | D:9      | Reached skill level 12 in Ice Magic
 11215 | D:9      | Found a stormy altar of Qazlal.
 11295 | D:10     | Entered Level 10 of the Dungeon
 11409 | D:10     | Reached skill level 10 in Dodging
 11737 | D:10     | Reached skill level 5 in Shields
 12442 | D:10     | Noticed Nergalle
 12458 | D:10     | Killed Nergalle
 12526 | D:10     | Noticed a two-headed ogre
 12539 | D:10     | Killed a two-headed ogre
 12540 | D:10     | Reached XP level 12. HP: 97/97 MP: 13/24
 12813 | D:10     | Found a staircase to the Orcish Mines.
 13069 | D:7      | Killed Crazy Yiuf
 13204 | D:11     | Noticed a two-headed ogre
 13214 | D:11     | Killed a two-headed ogre
 13215 | D:11     | Reached skill level 1 in Polearms
 13597 | D:11     | Found an ornate altar of the Wu Jian Council.
 13619 | D:11     | Noticed Grum
 13629 | D:11     | Killed Grum
 14225 | Lair:1   | Entered Level 1 of the Lair of Beasts
 14337 | Lair:1   | Reached skill level 13 in Ice Magic
 14489 | Lair:1   | Reached *** piety under Ashenzari
 15275 | Lair:1   | Identified the +1 ring mail of the Heron {Int+3}
 15835 | Lair:1   | Learned a level 4 spell: Ice Form
 15840 | Lair:1   | Learned a level 4 spell: Summon Ice Beast
 16378 | Lair:2   | Noticed a seven-headed hydra
 16468 | Lair:1   | Identified the cursed +2 cloak "Gnostic Water Diviner"
                  | {Range, Elem} (You found it on level 7 of the Dungeon)
 16468 | Lair:1   | Identified the cursed +1 pair of gloves "Ensconced With Me"
                  | {Self, Fort} (You found it on level 2 of the Dungeon)
 16468 | Lair:1   | Identified the cursed +0 buckler of the Lashed Sun {Elem,
                  | Range} (You found it on level 7 of the Dungeon)
 16861 | Lair:2   | Reached skill level 5 in Polearms
 17009 | Lair:2   | Noticed an eight-headed hydra
 17182 | Lair:2   | Reached XP level 13. HP: 107/107 MP: 27/27
 17253 | Lair:2   | Found a staircase to the Shoals.
 17532 | Lair:2   | Reached skill level 5 in Armour
 17877 | Lair:2   | Found a staircase to the Snake Pit.
 18613 | Lair:3   | Reached **** piety under Ashenzari
 18629 | Lair:3   | Reached skill level 14 in Ice Magic
 19848 | Lair:3   | Identified the +0 scale mail "Eqior" {rF+}
 20100 | Lair:4   | Reached skill level 1 in Conjurations
 22620 | Lair:5   | Found a staircase to the Slime Pits.
 22621 | Lair:5   | Found a viscous altar of Jiyva.
 23090 | Lair:6   | Entered Level 6 of the Lair of Beasts
 23126 | Lair:6   | Reached skill level 10 in Fighting
 23134 | Lair:6   | Reached XP level 14. HP: 76/119 MP: 6/30
 24616 | Lair:6   | Reached ***** piety under Ashenzari
 24883 | Lair:6   | Noticed Snorg
 25214 | Lair:6   | Reached skill level 15 in Ice Magic
 25290 | Lair:6   | Noticed Rupert
 25682 | Lair:5   | HP: 6/121 [Rupert/+2 vorpal great sword (26)]
 25682 | Lair:5   | Slain by Rupert

Illustrated notes

Levels and vault maps discovered:
D:1:      kb_arrival_jail, layout_basic
D:2:      layout_loops_cross, basic_altar, uniq_natasha
D:3:      layout_basic, grunt_temple_overflow_magic_moments, serial_bayou,
          serial_bayou_shore_a, serial_bayou_lagoon_a, serial_bayou_pond_c,
          serial_bayou_pond_d, serial_bayou_pond_b,
          dreamdust_ecumenical_altar_statues, corexii_corridor_pit,
          minmay_quadrilaterals
D:4:      minmay_diamond_boxcup, layout_cave_pools, uniq_pikel
D:5:      layout_rooms, temple_fountains
D:6:      layout_basic, cheibriados_altar_1, mainiacjoe_overflow_catwalk
D:7:      layout_gridville, elyvilon_altar_1,
          chequers_temple_overflow_minitemple, serial_shops, shop,
          nicolae_stop_n_shop_1, shop, nicolae_shop_behind_doors, uniq_duvessa,
          uniq_joseph, uniq_crazy_yiuf_cottage
D:8:      layout_gridville
D:9:      layout_loops_corners, nicolae_qazlal_eye_of_the_storm, fedhas_altar_3,
          erik_lair_island, uniq_amaemon, uniq_maggie, uniq_erolcha
D:10:     layout_roguey, erik_orc_2, uniq_nergalle
D:11:     layout_roguey, nicolae_wu_jian_wuxing_cycle, uniq_grum
Temple:   chequers_temple_sunken
Lair:1:   wad_woods_minihive, layout_regular_city,
          grunt_forest_small_clearing_treed
Lair:2:   nzn_winding_woodlands_three_and_one
          [nzn_winding_woodlands_5x15_pockets,
          nzn_winding_woodlands_5x15_river_crossing,
          nzn_winding_woodlands_5x15_parted,
          nzn_winding_woodlands_center_lodge], layout_chaotic_city,
          minmay_shoals_entry_centaurs, guppyfry_snake_entry_island,
          beast_lair_carwin_9, serial_bayou_shore_b
Lair:3:   layout_long_grid, chequers_serial_rivers_micro_e, ice2_lemuel,
          grunt_megastairs_5, lemuel_fruit_fields
Lair:4:   layout_small_grid, nicolae_lair_lindhole
Lair:5:   layout_gridlike, slime_altar_1, serial_bayou, serial_bayou_shore_b,
          serial_bayou_ford_a, serial_bayou_pond_e, serial_bayou_pond_e,
          nicolae_lair_yak_garden
Lair:6:   minmay_lair_end_enchanted_forest, layout_cave_pods,
          grunt_megastairs_4, uniq_snorg, uniq_rupert

Skill      XL: |  1  2  3  4  5  6  7  8  9 10 11 12 13 14 |
---------------+-------------------------------------------+-----
Dodging        | 3 4 5 7 8 9 10 11 12 | 12.5
Fighting       | 1 2 3 4 5 6 7 8 9 10 | 10.3
Ice Magic      | 5 6 7 9 10 11 12 13 14 15 | 15.0
Spellcasting   | 3 4 5 6 7 8 |  8.9
Shields        | 2 4 5 6 7 |  7.8
Armour         | 1 3 4 5 |  5.8
Polearms       | 5 8 9 |  9.9
Conjurations   | 2 |  2.9
Stealth        | |  2.1

Action                   |  1- 3 |  4- 6 |  7- 9 | 10-12 | 13-15 || total
-------------------------+-------+-------+-------+-------+-------++-------
Melee: Dagger            |    33 |    14 |       |       |       ||    47
       Unarmed           |     1 |       |       |     8 |       ||     9
       Whip              |       |    73 |    94 |   137 |       ||   304
       Tailslap          |       |     1 |       |     3 |     1 ||     5
       Punch             |       |       |     3 |       |       ||     3
       Spear             |       |       |       |   199 |   651 ||   850
 Cast: Freeze            |    43 |    69 |    83 |   216 |   269 ||   680
       Frozen Ramparts   |       |     6 |    30 |    48 |    43 ||   127
       Ozocubu's Armour  |       |     2 |     3 |    19 |    13 ||    37
       Hailstorm         |       |       |     1 |    12 |     1 ||    14
       Summon Ice Beast  |       |       |       |     4 |     2 ||     6
       Ice Form          |       |       |       |     3 |       ||     3
Invok: Curse Item        |       |       |     3 |     2 |     3 ||     8
Evoke: Wand              |       |       |       |     5 |       ||     5
  Use: Scroll            |       |    12 |     6 |     5 |     5 ||    28
       Potion            |       |     3 |       |     2 |     1 ||     6
 Stab: Sleeping          |     2 |     5 |     1 |       |     2 ||    10
       Distracted        |       |     1 |       |       |       ||     1
Armor: Robe              |    14 |    51 |    45 |       |       ||   110
       Leather armour    |       |       |    32 |   219 |   295 ||   546
       Skin              |       |       |       |     3 |       ||     3
Dodge: Dodged            |    45 |    99 |   138 |   604 |   751 ||  1637
Block: Buckler           |       |       |    17 |   215 |   317 ||   549

Table legend: (Time is in decaauts)
 A = Elapsed time spent in this place.
 B = Non-inter-level travel time spent in this place.
 C = Inter-level travel time spent in this place.
 D = Time resting spent in this place.
 E = Time spent auto-exploring this place.
 F = Levels seen in this place.
 G = Mean time per level.
                   A        B        C        D        E       F      G
               +--------+--------+--------+--------+--------+-----+--------+
         Total |  25164 |  24320 |    844 |   4794 |  15537 |  18 | 1398.0 |
       Dungeon |  13664 |  12998 |    666 |   2280 |   8561 |  11 | 1242.2 |
        Temple |    346 |    312 |     34 |      0 |    308 |   1 |  346.0 |
          Lair |  11153 |  11009 |    144 |   2514 |   6668 |   6 | 1858.8 |
               +--------+--------+--------+--------+--------+-----+--------+

Top non-repeatable levels by time:
     D:9: 2421 daAuts
  Lair:2: 2185 daAuts
  Lair:5: 2080 daAuts
  Lair:1: 2059 daAuts
  Lair:4: 1972 daAuts
    D:10: 1718 daAuts
  Lair:6: 1443 daAuts
  Lair:3: 1412 daAuts
     D:8: 1369 daAuts
     D:7: 1221 daAuts
     D:1: 1211 daAuts
     D:3: 1075 daAuts
     D:2: 1069 daAuts
     D:4: 1048 daAuts
     D:6: 994 daAuts
